 Dungeon Crawl Stone Soup version 0.31-a0-988-g08d55dae12 (webtiles) character file.

Game seed: 15898062244007590495

1565 Conn the Sneak (level 8, -1/51 HPs)
             Began as an Octopode Fire Elementalist on Nov 4, 2023.
             Was an Initiate of Sif Muna.
             Slain by a bullfrog (3 damage)
             ... on level 6 of the Dungeon.
             The game lasted 00:13:39 (4921 turns).

Conn the Sneak (Octopode Fire Elementalist)         Turns: 4921, Time: 00:13:40

Health: -1/51      AC:  1    Str:  8    XL:     8   Next: 89%
Magic:  2/15       EV: 14    Int: 19    God:    Sif Muna [......]
Gold:   363        SH:  0    Dex: 12    Spells: 6/16 levels left

rFire   + . .        r - +2 short sword (protect)
rCold   x . .        (no shield)
rNeg    . . .        (helmet restricted)
rPois   .            (no amulet)
rElec   .            v - ring of willpower
rCorr   .            x - ring of fire
SInv    .            (no ring)
Will    +....        (no ring)
Stlth   ++++         (no ring)
HPRegen 0.28/turn    (no ring)
MPRegen 0.14/turn    (no ring)
                     (no ring)

%: no passive effects
@: no status effects
A: almost no armour, amphibious, 8 rings, camouflage 1, gelatinous body 1,
(nimble swimmer 1), tentacles
a: Renounce Religion


You were on level 6 of the Dungeon.
You worshipped Sif Muna.
Sif Muna was noncommittal.
You visited 2 branches of the dungeon, and saw 7 of its levels.

You collected 363 gold pieces.

Inventory:

Hand Weapons
 c - a +0 dagger
 i - a +4 heavy scythe
 r - a +2 short sword of protection (weapon)
 w - a +3 war axe of electrocution
Missiles
 d - 6 poisoned darts
Jewellery
 v - a ring of willpower (left tentacle)
 x - a ring of fire (right tentacle)
Wands
 u - a wand of polymorph (11)
Scrolls
 b - 2 scrolls of revelation {unknown}
 f - a scroll of vulnerability {unknown}
 g - a scroll of immolation {unknown}
 h - 3 scrolls of teleportation {unknown}
 j - a scroll of silence {unknown}
 k - 7 scrolls of identify {unknown}
 l - a scroll of fear {unknown}
Potions
 a - a potion of magic
 e - a potion of mutation {unknown}
 m - 2 potions of curing
 n - 4 potions of might {unknown}
 o - a potion of attraction {unknown}
 p - 2 potions of brilliance {unknown}
 q - a potion of invisibility {unknown}
 s - 2 potions of degeneration {unknown}
 t - a potion of resistance {unknown}


   Skills:
 + Level 2.6 Fighting
 + Level 2.0 Short Blades
 - Level 1.1 Polearms
 + Level 4.0 Dodging
 + Level 5.6 Stealth
 * Level 4.6 Spellcasting
 * Level 4.3 Conjurations
 - Level 4.0 Hexes
 + Level 4.6 Fire Magic
 * Level 1.4 Invocations


You had 6 spell levels left.
You knew the following spells:

 Your Spells              Type           Power      Damage    Failure   Level
a - Foxfire               Conj/Fire      100%       2x1d9     1%          1
b - Scorch                Fire           64%        2d7       3%          2
c - Inner Flame           Hex/Fire       31%        N/A       7%          3
d - Flame Wave            Conj/Fire      32%        2d9       21%         4

Your spell library contained the following spells:

 Spells                   Type           Power      Damage    Failure   Level
 Jinxbite                 Hex            38%        N/A       3%          2
 Dazzling Flash           Conj/Hex       40%        N/A       7%          3
 Ensorcelled Hibernation  Hex/Ice        24%        N/A       9%          2
 Volatile Blastmotes      Fire/Tloc      38%        2d13      16%         3
 Frozen Ramparts          Ice            8%         1d2       36%         3
 Anguish                  Hex/Necr       6%         N/A       50%         4
 Petrify                  Tmut/Erth      4%         N/A       77%         4
 Metabolic Englaciation   Hex/Ice        6%         N/A       83%         5
 Starburst                Conj/Fire      16%        6d6       97%         6
 Summon Cactus Giant      Summ           2%         N/A       100%        6
 Maxwell's Capacitive Co  Air            2%         ∞         100%        8


Dungeon Overview and Level Annotations

Branches:
Dungeon (6/15)             Temple (1/1) D:5

Altars:
Ashenzari
Cheibriados
Dithmenos
Elyvilon
Fedhas
Gozag
Kikubaaqudgha
Makhleb
Nemelex Xobeh
Okawaru
Qazlal
Ru
Sif Muna
Trog
Uskayaw
Vehumet
Wu Jian
Xom
Yredelemnul
Zin
The Shining One

Shops:
D:3 *

Annotations:
D:5 3 runed translucent doors, pzskc383's ghost, amateur GrFi


Innate Abilities, Weirdness & Mutations

You cannot wear most types of armour.
You are amphibious.
You can wear up to eight rings at the same time.
Your skin changes colour to match your surroundings (Stealth+).
Your rubbery body absorbs attacks. (AC +1, EV +1)
((You are camouflaged when in or above water. (Stealth+)))
You have tentacles for arms and can constrict up to eight enemies at once.


Message History

Sif Muna accepts your kill. The scorpion barely misses you.
The ogre barely misses you.
A wave of flame ripples out!
The flame wave engulfs the scorpion.
The scorpion is almost dead.
The flame wave engulfs the ogre!
The ogre is almost dead.
You finish channelling waves of flame.
The scorpion stings you.
* * * LOW HITPOINT WARNING * * *
Casting: Flame Wave (quite dangerous; 22% risk of failure)
Confirm with . or Enter, or press ? or * to list all spells.
Okay, then.
Unknown command.
Unknown command.
Casting: Flame Wave (quite dangerous; 22% risk of failure)
Confirm with . or Enter, or press ? or * to list all spells.
Okay, then.
Unknown command.
Unknown command.
Casting: Flame Wave (quite dangerous; 22% risk of failure)
Confirm with . or Enter, or press ? or * to list all spells.
Casting: Flame Wave (quite dangerous; 22% risk of failure)
Press: ? - help, Dir - look around, f - activate You feel a surge of power!
A wave of flame ripples out!
The flame wave engulfs the scorpion!
You kill the scorpion!
Sif Muna accepts your kill.
The flame wave engulfs the ogre!
You kill the ogre!
Sif Muna accepts your kill. (Press . to intensify the flame waves.)
Your Short Blades skill increases to level 2!
Your Dodging skill increases to level 4!
Your Invocations skill increases to level 1!
Okay, then.
Unknown command.
Unknown command.
A wave of flame ripples out!
The flame wave engulfs the bullfrog!
The bullfrog is moderately wounded.
The bullfrog hits you.
You die...

#+#.#.....>...########
.<..#.#...............
......#......[########
...####.......'.#
#....##.......#.#
####.##.......#.# # .
.....#.....####.###.#...
.....#.###.# #.).......
.....#.#.... +.@....##
##.........## #.F†...#
#.......... #.........
##......... ..........
#........# ..#........
#........###..........
###........# ##.....!...
...........# .###.....
###........#


You could see a bullfrog.

Vanquished Creatures
  Sigmund (D:2)
  Eustachio (D:4)
  Menkaure (D:5)
  Duvessa (D:4)
  An ice beast (D:6)
  2 ogres
  3 scorpions
  Dowan (D:4)
  2 jellies
  5 hounds
  3 iguanas
  Terence (D:2)
  Natasha (D:2)
  An orc wizard (D:3)
  6 adders
  A shadow imp (D:5)
  A white imp (D:5)
  4 ufetubi (D:5)
  3 worms (D:2)
  3 dart slugs (D:1)
  8 orcs
  7 ball pythons
  3 bats
  5 endoplasms
  3 giant cockroaches
  9 goblins
  3 hobgoblins (D:1)
  6 jackals
  6 kobolds
  2 quokkas (D:3)
  7 frilled lizards
  6 rats (D:1)
107 creatures vanquished.

Vanquished Creatures (others)
  192 foxfires
192 creatures vanquished.

Grand Total: 299 creatures vanquished

Notes
Turn   | Place    | Note
-------+----------+-------------------------------------------
     0 | D:1      | Conn the Octopode Fire Elementalist began the quest for the
                  | Orb.
     0 | D:1      | Reached XP level 1. HP: 11/11 MP: 3/3
   153 | D:1      | Reached skill level 3 in Stealth
   153 | D:1      | Reached XP level 2. HP: 15/17 MP: 1/5
   425 | D:1      | Reached XP level 3. HP: 21/21 MP: 6/6
  1034 | D:2      | Noticed Sigmund
  1042 | D:2      | Learned a level 2 spell: Scorch
  1046 | D:2      | Learned a level 3 spell: Inner Flame
  1061 | D:2      | Killed Sigmund
  1062 | D:2      | Reached skill level 4 in Stealth
  1062 | D:2      | Reached skill level 1 in Hexes
  1062 | D:2      | Reached XP level 4. HP: 27/27 MP: 1/8
  1062 | D:2      | Reached XP level 5. HP: 31/31 MP: 1/9
  1474 | D:2      | Noticed Terence
  1482 | D:2      | Killed Terence
  1483 | D:2      | Reached XP level 6. HP: 37/37 MP: 1/10
  1593 | D:2      | Identified the staff of Theory {rElec rN+ rCorr Str+6 Int-5
                  | Necro}
  1618 | D:2      | Found a faded altar of an unknown god.
  1657 | D:2      | Found a shimmering altar of Xom.
  1956 | D:2      | Noticed Natasha
  1958 | D:2      | Killed Natasha
  2189 | D:3      | Found Ugyleqeq's General Store.
  2767 | D:3      | Found a glowing silver altar of Zin.
  2767 | D:3      | Found a glowing golden altar of the Shining One.
  2767 | D:3      | Found a white marble altar of Elyvilon.
  2952 | D:3      | Found a sacrificial altar of Ru.
  3013 | D:4      | Learned a level 4 spell: Flame Wave
  3046 | D:4      | Noticed Duvessa
  3049 | D:4      | Noticed Dowan
  3055 | D:4      | Killed Duvessa
  3055 | D:4      | Killed Dowan
  3056 | D:4      | Reached skill level 1 in Fighting
  3056 | D:4      | Reached skill level 1 in Polearms
  3056 | D:4      | Reached XP level 7. HP: 43/43 MP: 1/12
  3173 | D:4      | Found an iron altar of Okawaru.
  3228 | D:4      | Noticed Eustachio
  3239 | D:4      | Killed Eustachio
  3321 | D:4      | Found a burning altar of Makhleb.
  3876 | D:5      | Entered Level 5 of the Dungeon
  3884 | D:5      | Noticed Menkaure
  3891 | D:5      | Killed Menkaure
  3892 | D:5      | Reached skill level 1 in Short Blades
  3892 | D:5      | Reached skill level 5 in Stealth
  3892 | D:5      | Reached XP level 8. HP: 50/50 MP: 6/14
  3892 | D:5      | Found a staircase to the Ecumenical Temple.
  3948 | Temple   | Entered the Ecumenical Temple
  3955 | D:5      | Found a runed translucent gate.
  3960 | D:5      | Found a runed translucent gate.
  4081 | D:5      | Found a blossoming altar of Fedhas.
  4090 | D:5      | Found a stormy altar of Qazlal.
  4351 | D:5      | Found a shimmering blue altar of Sif Muna.
  4367 | D:5      | Became a worshipper of Sif Muna the Loreminder
  4420 | D:5      | Found a radiant altar of Vehumet.
  4576 | D:5      | Found an opulent altar of Gozag.
  4577 | D:5      | Found a runed translucent gate.
  4584 | D:5      | Noticed pzskc383's ghost (amateur GrFi)
  4919 | D:6      | HP: 1/51 [scorpion (5)]
  4921 | D:6      | Reached skill level 1 in Invocations
  4921 | D:6      | Slain by a bullfrog

Illustrated notes

Levels and vault maps discovered:
D:1:      dpeg_arrival_ratfight, layout_loops_ring
D:2:      layout_loops_corners, basic_altar, shapermc_ecumenical_altar_venn,
          uniq_natasha, uniq_terence, uniq_sigmund
D:3:      layout_basic, dreamdust_divine_triumvirate,
          lemuel_coloured_pillars_altar, serial_shops, shop, serial_park_tiny_2,
          minmay_crystal_water, minmay_surrounded
D:4:      layout_basic, amcnicky_altar_gilded, kennysheep_okawaru_gauntlet,
          uniq_eustachio, uniq_duvessa
D:5:      layout_gridville, nicolae_sif_muna_condensation, fiery_altar_vehumet,
          mainiacjoe_overflow_alcove_1, mainiacjoe_overflow_tiny_flanked,
          minmay_temple_entry_mist, ebering_ghost_gozag, grunt_ministairs_10,
          kennysheep_small_circle, uniq_menkaure
D:6:      layout_basic, nicolae_water_bricks
Temple:   eino_temple_lava

Skill      XL: |  1  2  3  4  5  6  7  8 |
---------------+-------------------------+-----
Stealth        | 3 4 5 |  5.6
Spellcasting   | 3 4 |  4.6
Conjurations   | 2 3 4 |  4.3
Hexes          | 1 2 3 4 |  4.0
Dodging        | 3 4 |  4.0
Fighting       | 1 2 |  2.6
Polearms       | 1 |  1.1
Fire Magic     | 4 |  4.6
Short Blades   | 1 2 |  2.0
Invocations    | 1 |  1.4

Action                     |  1- 3 |  4- 6 |  7- 9 || total
---------------------------+-------+-------+-------++-------
  Melee: Unarmed           |     8 |       |       ||     8
         Constrict         |     9 |     3 |     9 ||    21
         Tentacles         |     7 |     3 |    17 ||    27
         Dagger            |    30 |       |       ||    30
         Punch             |     2 |       |     1 ||     3
         Halberd           |       |    29 |     3 ||    32
         Short sword       |       |       |    50 ||    50
   Cast: Foxfire           |    23 |    37 |    53 ||   113
         Inner Flame       |     1 |     2 |       ||     3
         Scorch            |       |     6 |     8 ||    14
         Flame Wave        |       |       |     3 ||     3
    Use: Potion            |       |     1 |       ||     1
   Stab: Sleeping          |     7 |     9 |     5 ||    21
         Distracted        |       |       |     1 ||     1
 Armour: Skin              |    15 |    27 |    32 ||    74
  Dodge: Dodged            |    21 |    32 |    55 ||   108

Table legend: (Time is in decaauts)
 A = Elapsed time spent in this place.
 B = Non-inter-level travel time spent in this place.
 C = Inter-level travel time spent in this place.
 D = Time resting spent in this place.
 E = Time spent auto-exploring this place.
 F = Levels seen in this place.
 G = Mean time per level.
                   A        B        C        D        E       F      G
               +--------+--------+--------+--------+--------+-----+--------+
         Total |   4953 |   4822 |    131 |    165 |   3458 |   7 |  707.6 |
       Dungeon |   4952 |   4821 |    131 |    165 |   3458 |   6 |  825.3 |
        Temple |      1 |      1 |      0 |      0 |      0 |   1 |    1.0 |
               +--------+--------+--------+--------+--------+-----+--------+

Top non-repeatable levels by time:
     D:2: 1178 daAuts
     D:1: 990 daAuts
     D:3: 927 daAuts
     D:5: 838 daAuts
     D:4: 816 daAuts
     D:6: 200 daAuts
  Temple: 1 daAuts
